 Dungeon Crawl Stone Soup version 0.22-a0-248-gc8378ba (webtiles) character file.

760 KristoblXynda the Slasher (level 7, -2/55 HPs)
             Began as a White Draconian Gladiator on Feb 28, 2018.
             Was a Follower of Ashenzari.
             Slain by a gnoll
             ... wielding a +0 club
              (9 damage)
             ... on level 5 of the Dungeon.
             The game lasted 00:07:00 (4314 turns).

KristoblXynda the Slasher (DrGl)                    Turns: 4314, Time: 00:07:01

Health: -2/55      AC:  7    Str: 17    XL:     7   Next: 51%
Magic:  7/7        EV: 14    Int: 10    God:    Ashenzari [*.....]
Gold:   174        SH:  0    Dex: 12    Spells: 6/6 levels left

rFire    . . .     SeeInvis .   o - +1 falchion (drain)
rCold    + . .     Gourm    .   (no shield)
rNeg     . . .     Faith    .   (armour unavailable)
rPois    .         Spirit   .   b - +1 hat (curse)
rElec    .         Reflect  .   (no cloak)
rCorr    .         Harm     .   (no gloves)
MR       .....                  (no boots)
Stlth    +.........             (no amulet)
HPRegen  0.18/turn              (no ring)
MPRegen  0.10/turn              (no ring)

@: no status effects
A: breathe frost, unfitting armour, cold resistance 1, cold-blooded, AC +6
a: Breathe Frost, Curse Item, Scrying, Renounce Religion


You were on level 5 of the Dungeon.
You worshipped Ashenzari.
Ashenzari was aware of your devotion.
You were not hungry.

You visited 2 branches of the dungeon, and saw 6 of its levels.

You collected 174 gold pieces.

Inventory:

Hand Weapons
 a - a +0 long sword
 o - a +1 falchion of draining (weapon)
Missiles
 c - 3 throwing nets (quivered)
Armour
 b - a cursed +1 hat (worn)
Scrolls
 e - a scroll of fog {unknown}
 g - 6 scrolls of remove curse
 h - a scroll of blinking
 l - a scroll of enchant armour
 q - a scroll of amnesia
Potions
 f - a potion of ambrosia
 i - 3 potions of agility
 k - a potion of degeneration {unknown}
 m - a potion of brilliance
 n - a potion of resistance
 p - a potion of berserk rage {unknown}
Comestibles
 d - 14 rations


   Skills:
 - Level 2.1 Fighting
 * Level 7.4 Long Blades
 - Level 2.1 Throwing
 + Level 5.1 Dodging


You had 6 spell levels left.
You didn't know any spells.

Dungeon Overview and Level Annotations

Branches:
Dungeon (5/15)             Temple (1/1) D:5

Altars:
Ashenzari
Cheibriados
Dithmenos
Elyvilon
Fedhas
Gozag
Kikubaaqudgha
Makhleb
Nemelex Xobeh
Okawaru
Qazlal
Ru
Sif Muna
Trog
Vehumet
Wu Jian
Xom
Yredelemnul
Zin
The Shining One

Annotations:
D:5 Eustachio


Innate Abilities, Weirdness & Mutations

You can breathe waves of freezing cold.
You can buffet flying creatures when you breathe cold.
Your icy white scales are hard. (AC +6)
You cannot fit into any form of body armour.
Your flesh is cold resistant. (rC+)
You are cold-blooded and may be slowed by cold attacks.


Message History

Eustachio is almost dead.
The gnoll barely misses you.
The giant cockroach bites you but does no damage.
You closely miss Eustachio.
Eustachio is almost dead.
Eustachio mumbles some strange words.
Eustachio blinks!
The giant cockroach misses you.
You riposte.
You hit the giant cockroach.
The giant cockroach is moderately wounded.
The gnoll hits you with a club.
* * * LOW HITPOINT WARNING * * *
You hit the giant cockroach. You drain the giant cockroach!
You kill the giant cockroach!
The shadow imp hits you.
* * * LOW HITPOINT WARNING * * *
The gnoll hits you but does no damage.
You closely miss the gnoll.
The shadow imp hits you but does no damage.
The gnoll hits you with a club!
You die...

.o..o.......###
.o..........# ##
.#...........#
#........#..###..#
........###.# ..
#.....# .. .
#...(#### ##
#..@.)(g###########..
#....##5@)))........#
#... #####..########
#....######...#
#g...c.)))..#.##
...###########..## .
##..## ##..########
##....##...
########.........


You could see Eustachio, a gnoll and a shadow imp.

Vanquished Creatures
  An ice beast (D:5)
  A slave (D:5)
  A centaur (D:5)
  Blork the orc (D:4)
  A scorpion (D:4)
  5 orc wizards
  3 worker ants
  6 gnolls
  6 adders
  8 oozes (D:1)
  3 worms
  4 leopard geckos
  14 orcs
  8 giant cockroaches
  5 goblins
  3 hobgoblins
  11 jackals
  6 bats
  3 frilled lizards
  11 kobolds
  A leopard gecko skeleton (D:5)
  11 rats
113 creatures vanquished.

Vanquished Creatures (others)
  A plant (D:1)
1 creature vanquished.

Grand Total: 114 creatures vanquished

Notes
Turn   | Place    | Note
-------+----------+-------------------------------------------
     0 | D:1      | KristoblXynda the Draconian Gladiator began the quest for the Orb.
     0 | D:1      | Reached XP level 1. HP: 17/17 MP: 1/1
     1 | D:1      | Found a runed door.
   184 | D:1      | Reached XP level 2. HP: 23/24 MP: 2/2
   868 | D:1      | Reached XP level 3. HP: 19/29 MP: 3/3
   890 | D:1      | Reached skill level 4 in Long Blades
   913 | D:1      | Reached XP level 4. HP: 12/36 MP: 4/4
  1233 | D:2      | Found an iron altar of Okawaru.
  1235 | D:2      | Found an ornate altar of the Wu Jian Council.
  1403 | D:2      | Found a sacrificial altar of Ru.
  1661 | D:2      | Found a shattered altar of Ashenzari.
  1670 | D:2      | Became a worshipper of Ashenzari the Shackled
  1759 | D:2      | Reached XP level 5. HP: 41/41 MP: 5/5
  1946 | D:3      | Reached skill level 5 in Long Blades
  2106 | D:3      | Found a glowing silver altar of Zin.
  2634 | D:4      | Found a glowing golden altar of the Shining One.
  2701 | D:4      | Found a white marble altar of Elyvilon.
  2749 | D:4      | Reached XP level 6. HP: 23/48 MP: 6/6
  3157 | D:4      | Noticed Blork the orc
  3168 | D:4      | Killed Blork the orc
  3168 | D:4      | Reached skill level 6 in Long Blades
  3407 | D:4      | Reached * piety under Ashenzari
  3812 | D:5      | Entered Level 5 of the Dungeon
  3907 | D:5      | Your scales start taking on an icy white colour.
  3907 | D:5      | Reached XP level 7. HP: 42/55 MP: 7/7
  3907 | D:5      | Gained mutation: Your flesh is cold resistant. (rC+) [White Draconian growth]
  3940 | D:5      | Found a staircase to the Ecumenical Temple.
  3958 | Temple   | Entered the Ecumenical Temple
  4248 | D:5      | Reached skill level 7 in Long Blades
  4258 | D:5      | Noticed Eustachio
  4292 | D:5      | Reached skill level 5 in Dodging
  4314 | D:5      | Slain by a gnoll

Vault maps used:
D:1:      dpeg_arrival_caged_fury, lexackson_kobold_supper
D:2:      ashenzari_altar_1, nicolae_overflow_hidden_temple
D:3:      lemuel_crystal_altar, minmay_goblin_kobold_house
D:4:      lemuel_round_altar, tso_oasis_becter, palyth_stone_intersect,
          uniq_blork_the_orc
D:5:      minmay_temple_entry_butterflies, first_ration, uniq_eustachio,
          uniq_pikel
Temple:   oiseaux_autumnal_temple

Skill      XL: |  1  2  3  4  5  6  7 |
---------------+----------------------+-----
Throwing       | 2 |  2.1
Dodging        | 3 4 5 |  5.1
Long Blades    | 4 5 6 7 |  7.4
Fighting       | |  2.1

Action                   |  1- 3 |  4- 6 |  7- 9 || total
-------------------------+-------+-------+-------++-------
Melee: Long sword        |   140 |    71 |       ||   211
       Tailslap          |    22 |    26 |    11 ||    59
       Falchion          |       |   111 |    57 ||   168
Invok: Curse Item        |       |       |     1 ||     1
 Abil: Breathe Frost     |       |       |     2 ||     2
  Use: Potion            |     1 |     3 |       ||     4
       Scroll            |       |     7 |     1 ||     8
 Stab: Sleeping          |     1 |     2 |       ||     3
       Invisible         |       |     3 |       ||     3
  Eat: Chunk             |       |     7 |       ||     7
       Ration            |       |     1 |     1 ||     2
Armor: Skin              |    38 |    50 |    13 ||   101
Dodge: Dodged            |    86 |   139 |    41 ||   266
       Rpst.: Long sword |    25 |    26 |       ||    51
       Falchion          |       |    17 |    12 ||    29

Table legend:
 A = Spawn XP
 B = Non-spawn XP
 C = Spawn XP percentage of total XP
 D = Spawn monster count
 E = Non-spawn monster count
 F = Spawn count percentage of total count
 G = Total turns spent on level
                    A         B        C        D         E        F      G
               +---------+---------+-------+---------+---------+-------+---------
         Total |       0 |    1087 |   0.0 |       0 |     112 |   0.0 |  4314
               +---------+---------+-------+---------+---------+-------+---------
           D:1 |       0 |     115 |   0.0 |       0 |      44 |   0.0 |  1131
           D:2 |       0 |      82 |   0.0 |       0 |      18 |   0.0 |   674
           D:3 |       0 |     123 |   0.0 |       0 |      15 |   0.0 |   815
           D:4 |       0 |     396 |   0.0 |       0 |      21 |   0.0 |  1276
           D:5 |       0 |     371 |   0.0 |       0 |      14 |   0.0 |   167
               +---------+---------+-------+---------+---------+-------+---------
